 Dungeon Crawl Stone Soup version 0.27-a0-836-gfc908b8576 (webtiles) character file.

Game seed: 16117894410484661625

141 Aviak the Magician (level 5, 0/40 HPs)
             Began as a Djinni Ice Elementalist on Mar 31, 2021.
             Was an Initiate of Cheibriados.
             Slain by an orc wizard
             ... wielding a +0 dagger
              (2 damage)
             ... on level 4 of the Dungeon.
             The game lasted 00:09:40 (3792 turns).

Aviak the Magician (Djinni Ice Elementalist)        Turns: 3792, Time: 00:09:41

Health: 0/40       AC:  2    Str:  8    XL:     5   Next: 24%
Gold:   82         EV: 12    Int: 18    God:    Cheibriados [......] SH:  0 Dex: 15

rFire    + + +     SeeInvis .   f - +0 dagger
rCold    x . .     Faith    .   (no shield)
rNeg     . . .     Spirit   .   a - +0 robe
rPois    ∞         Reflect  .   (no helmet)
rElec    .         Harm     .   (no cloak)
rCorr    .         Rampage  .   (no gloves)
Will     .....                  (boots unavailable)
Stlth    ++........             (no amulet)
HPRegen  0.13/turn              F - ring of protection from fire
MPRegen  0.00/turn              (no ring)

@: mighty, frozen ramparts, flying, very slightly contaminated, very slow
A: fire resistance 2, cold vulnerability 1, float, innate caster, hp casting,
extra vitality 1
a: Renounce Religion, Bend Time


You were on level 4 of the Dungeon.
You worshipped Cheibriados.
Cheibriados was noncommittal.
You visited 2 branches of the dungeon, and saw 5 of its levels.

You collected 132 gold pieces.
You spent 50 gold pieces at shops.

Inventory:

Hand Weapons
 f - a +0 dagger (weapon)
 s - a +0 dagger of distortion {!w}
Armour
 a - a +0 robe (worn)
 t - a +0 pair of boots
 u - a +0 leather armour
Jewellery
 j - an amulet of magic regeneration
 F - a ring of protection from fire (left hand)
Scrolls
 b - 2 scrolls of amnesia {unknown}
 d - 2 scrolls of identify {unknown}
 e - a scroll of fear {unknown}
 i - 3 scrolls of noise {unknown}
 l - a scroll of brand weapon {unknown}
 p - a scroll of teleportation {unknown}
 q - a scroll of enchant weapon {unknown}
 r - a scroll of fog {unknown}
Potions
 c - a potion of lignification {unknown}
 g - a potion of might
 h - a potion of heal wounds
 k - a potion of haste {unknown}
 m - a potion of brilliance {unknown}
 n - 2 potions of curing {unknown}
 o - a potion of flight {unknown}


   Skills:
 + Level 3.2 Fighting
 - Level 2.1 Dodging
 - Level 1.5 Stealth
 - Level 4.4 Spellcasting
 + Level 1.1 Invocations


You couldn't memorise any spells.
You knew the following spells:

 Your Spells              Type           Power      Damage    Failure   Level
a - Freeze                Ice            80%        1d9       2%          1
b - Frozen Ramparts       Ice            40%        1d6       7%          3
c - Ozocubu's Armour      Ice            20%        N/A       7%          3
d - Hailstorm             Conj/Ice       20%        3d6       22%         4
e - Summon Ice Beast      Ice/Summ       20%        N/A       22%         4
f - Pain                  Necr           80%        1d8       2%          1
g - Passwall              Tmut/Erth      16%        N/A       3%          2
Your spell library was empty.

Dungeon Overview and Level Annotations

Branches:
Dungeon (4/15)             Temple (1/1) D:4

Altars:
Cheibriados
Dithmenos
Fedhas
Gozag
Hepliaklqana
Qazlal
Ru
Sif Muna
Trog
Vehumet
Xom
Yredelemnul

Shops:
D:2 =!(:(


Innate Abilities, Weirdness & Mutations

You are immune to poison.
Your flesh is very heat resistant. (rF++)
You are vulnerable to cold. (rC-)
You float through the air rather than walking.
You learn spells naturally, not from books.
Your magical power is your life essence.
You have superior vitality. (+4 HP)


Message History

The wall freezes the centaur zombie but does no damage.
The centaur zombie hits you. The centaur zombie kicks you.
The wall freezes something.
The centaur zombie completely resists.
The wall freezes the centaur zombie but does no damage.
The centaur zombie misses you.
The centaur zombie kicks you but does no damage.
You aren't carrying any items that you can evoke.
It was a potion of might.
You feel very mighty all of a sudden.
The centaur zombie completely resists.
The wall freezes the centaur zombie but does no damage.
The centaur zombie misses you. The centaur zombie barely misses you.
The wall freezes something.
You puncture the centaur zombie!
The centaur zombie is moderately damaged.
The wall freezes the centaur zombie but does no damage.
The centaur zombie closely misses you. The centaur zombie kicks you.
The wall freezes something.
Something hits you but does no damage.
You hit the centaur zombie.
The centaur zombie is moderately damaged.
The centaur zombie completely resists.
The wall freezes the centaur zombie but does no damage.
The centaur zombie hits you.
* * * LOW HITPOINT WARNING * * *
The centaur zombie kicks you but does no damage.
The wall freezes something.
Something hits you.
* * * LOW HITPOINT WARNING * * *
The centaur zombie completely resists.
The wall freezes the centaur zombie but does no damage.
The centaur zombie hits you.
* * * LOW HITPOINT WARNING * * *
The centaur zombie closely misses you.
You feel mightier all of a sudden.
The centaur zombie completely resists.
The wall freezes the centaur zombie but does no damage.
The centaur zombie hits you but does no damage.
The centaur zombie kicks you.
* * * LOW HITPOINT WARNING * * *
The wall freezes something.
Something hits you.
You die...

#.#...#...#.....
#.......###..>..
####.........#.....
#......†...........
#..#.......#...###.
#..##.....###...#..
#..###...## #...#..
#{Z# ##.## #.#...#
#!@# #.# ###...#.#
#..# ... ......)..
#... ..........###
....# #.# ######
.....# .......
##..(..## # #.....#
##### #....


You could see a centaur zombie.

Vanquished Creatures
  A centaur skeleton (D:4)
  4 adders
  An adder skeleton (D:3)
  A worm (D:4)
  An orc (D:3)
  9 bats
  5 endoplasms
  4 giant cockroaches
  7 goblins
  7 hobgoblins
  2 jackals (D:1)
  3 quokkas
  7 ball pythons
  4 frilled lizards
  6 kobolds
  4 rats
66 creatures vanquished.

Notes
Turn   | Place    | Note
-------+----------+-------------------------------------------
     0 | D:1      | Aviak the Djinni Ice Elementalist began the quest for the
                  | Orb.
     0 | D:1      | Reached XP level 1. HP: 15/15 MP: 0/0
   256 | D:1      | Reached skill level 1 in Fighting
   256 | D:1      | Reached XP level 2. HP: 21/22 MP: 0/0
   777 | D:1      | Reached skill level 4 in Spellcasting
   778 | D:1      | Reached XP level 3. HP: 23/27 MP: 0/0
   778 | D:1      | Learned a level 1 spell: Pain
  1352 | D:2      | Found Quemaqorch's Distillery.
  1372 | D:2      | Bought a potion of heal wounds for 50 gold pieces
  1482 | D:2      | Found Lede's Book Shop.
  1482 | D:2      | Found Winupant's Weapon Boutique.
  1495 | D:2      | Found Izougg's Weapon Shoppe.
  1732 | D:2      | Reached XP level 4. HP: 33/33 MP: 0/0
  2010 | D:2      | Found Faymuebb's Jewellery Emporium.
  3511 | D:4      | Found a staircase to the Ecumenical Temple.
  3519 | Temple   | Entered the Ecumenical Temple
  3671 | Temple   | Became a worshipper of Cheibriados the Contemplative
  3769 | D:4      | Reached XP level 5. HP: 30/40 MP: 0/0
  3769 | D:4      | Learned a level 2 spell: Passwall
  3774 | D:4      | Reached skill level 1 in Invocations
  3792 | D:4      | HP: 2/40 [centaur zombie (1)]
  3792 | D:4      | Slain by an orc wizard

Illustrated notes

Levels and vault maps discovered:
D:1:      sevenhm_arrival_forest_fort_large_1, layout_rooms,
          amcnicky_mini_corridor_feature, hangedman_abyss_or_decor_lesser_grid
D:2:      layout_rooms, serial_shops, nicolae_shop_trees, nicolae_shop_stone,
          nicolae_shop_statue_plus, shop, shop_statue
D:3:      layout_basic
D:4:      layout_loops_ring, tso_metal_star, minmay_temple_entry_tees,
          uniq_duvessa, uniq_natasha
Temple:   minmay_temple_bridge_abc

Skill      XL: |  1  2  3  4  5 |
---------------+----------------+-----
Fighting       | 1 2 3 |  3.2
Spellcasting   | 4 |  4.4
Invocations    | 1 |  1.1
Dodging        | |  2.1
Stealth        | |  1.5

Action                   |  1- 3 |  4- 6 || total
-------------------------+-------+-------++-------
Melee: Unarmed           |     1 |       ||     1
       Dagger            |    13 |    70 ||    83
 Cast: Freeze            |    42 |    15 ||    57
       Frozen Ramparts   |     3 |     8 ||    11
       Ozocubu's Armour  |       |     1 ||     1
  Use: Potion            |       |     2 ||     2
 Stab: Sleeping          |     4 |     4 ||     8
Armor: Robe              |    17 |    41 ||    58
Dodge: Dodged            |    29 |    99 ||   128

Table legend: (Time is in decaauts)
 A = Elapsed time spent in this place.
 B = Non-inter-level travel time spent in this place.
 C = Inter-level travel time spent in this place.
 D = Time resting spent in this place.
 E = Time spent auto-exploring this place.
 F = Levels seen in this place.
 G = Mean time per level.
                   A        B        C        D        E       F      G
               +--------+--------+--------+--------+--------+-----+--------+
         Total |   3800 |   3715 |     85 |    384 |   2761 |   5 |  760.0 |
       Dungeon |   3624 |   3572 |     52 |    384 |   2652 |   4 |  906.0 |
        Temple |    176 |    143 |     33 |      0 |    109 |   1 |  176.0 |
               +--------+--------+--------+--------+--------+-----+--------+

Top non-repeatable levels by time:
     D:3: 1341 daAuts
     D:1: 1260 daAuts
     D:2: 848 daAuts
  Temple: 176 daAuts
     D:4: 173 daAuts
